Map: Dusk Towers

Players

XionS - Winner!

  • Race: Protoss Protoss
  • League: Grandmaster

MorN

  • Race: Terran Terran
  • League: Master

VOD

Have the link to the VOD?

Description

Time

  • Played on: Nov. 22, 2015, 8:51 p.m.
  • Length: 12:19
Show
View Real Time Build Order
Export as new Build Order

XionS Protoss - Winner!

Build Orders:  

Get SALT Encoding   

  12  0:01  Probe (Chrono Boost)  
  13  0:11  Probe (Chrono Boost)  
  14  0:17  Pylon  
  14  0:22  Probe (Chrono Boost)  
  16  0:35  Probe (Chrono Boost)  
  16  0:37  Gateway  
  16  0:42  Assimilator  
  16  0:46  Probe (Chrono Boost)  
  17  0:57  Probe (Chrono Boost)  
  18  1:07  Probe (Chrono Boost)  
  19  1:18  Probe (Chrono Boost)  
  20  1:27  Cybernetics Core  
  20  1:28  Probe (Chrono Boost)  
  21  1:39  Probe (Chrono Boost)  
  22  1:47  Nexus  
  22  1:54  Pylon  
  21  1:56  Probe (Chrono Boost)  
  22  2:03  Warp Gate (Chrono Boost)  
  22  2:12  Mothership Core  
  22  2:14  Assimilator  
  24  2:24  Pylon  
  24  2:33  Probe  
  25  2:41  Robotics Facility  
  25  2:45  Probe  
  26  2:53  Forge  
  26  2:57  Probe x2  
  28  3:08  Probe  
  28  3:09  Probe  
  28  3:10  Pylon  
  30  3:18  Probe  
  30  3:22  Probe, Gateway  
  32  3:28  Observer (Chrono Boost)  
  32  3:29  Probe  
  32  3:33  Gateway  
  34  3:35  Probe  
  34  3:41  Probe, Photon Cannon  
  36  3:49  Probe, Pylon  
  36  3:50  Observer (Chrono Boost)  
  36  3:52  Probe  
  39  3:58  Pylon  
  39  4:01  Probe  
  40  4:05  Probe  
  40  4:08  Photon Cannon  
  40  4:09  Observer (Chrono Boost)  
  42  4:13  Probe  
  42  4:15  Probe  
  44  4:17  Adept  
  46  4:24  Adept  
  46  4:25  Probe  
  46  4:26  Probe  
  46  4:30  Assimilator  
  50  4:34  Assimilator  
  50  4:35  Observer (Chrono Boost)  
  50  4:36  Probe  
  50  4:37  Probe  
  53  4:47  Probe  
  53  4:49  Probe  
  55  4:57  Probe  
  55  4:59  Nexus  
  56  5:02  Immortal (Chrono Boost)  
  56  5:03  Probe  
  56  5:04  Pylon  
  56  5:06  Protoss Ground Weapons Level 1  
  61  5:13  Probe  
  61  5:20  Probe  
  63  5:22  Pylon  
  63  5:24  Probe  
  63  5:25  Pylon  
  63  5:28  Pylon  
  64  5:32  Probe  
  64  5:33  Stargate  
  64  5:34  Probe  
  66  5:44  Probe  
  66  5:45  Probe  
  66  5:49  Stalker x2  
  71  5:56  Probe  
  70  6:02  Probe  
  71  6:08  Probe, Assimilator  
  71  6:10  Twilight Council  
  71  6:11  Immortal (Chrono Boost)  
  76  6:12  Probe, Assimilator  
  76  6:13  Probe, Adept x2  
  82  6:20  Probe  
  82  6:23  Probe  
  84  6:26  Adept, Pylon  
  84  6:27  Probe  
  84  6:32  Probe  
  88  6:33  Probe  
  88  6:36  Gateway x2  
  88  6:37  Probe  
  90  6:42  Adept  
  90  6:44  Probe x2  
  90  6:56  Immortal (Chrono Boost)  
  90  6:57  Probe  
  90  6:58  Probe  
  90  7:00  Gateway  
  96  7:02  Gateway x2  
  96  7:06  Resonating Glaives (Chrono Boost)  
  95  7:09  Probe  
  95  7:10  Protoss Ground Weapons Level 2 (Chrono Boost)  
  96  7:16  Dark Shrine  
  96  7:17  Probe  
  96  7:18  Probe  
  96  7:22  Pylon  
  98  7:24  Adept  
  98  7:25  Adept  
  102  7:30  Probe  
  102  7:32  Probe x2  
  102  7:33  Photon Cannon  
  105  7:42  Observer  
  107  7:47  Adept x3  
  112  7:53  Gateway  
  112  7:55  Gateway  
  112  7:56  Gateway  
  112  8:00  Pylon  
  112  8:02  Photon Cannon  
  112  8:05  Immortal  
  116  8:15  Stalker x3  
  116  8:17  Stalker x2  
  125  8:31  Pylon  
  125  8:33  Pylon  
  125  8:39  Blink (Chrono Boost)  
  125  8:44  Observer, Pylon  
  126  8:49  Void Ray  
  126  8:51  Forge  
  126  8:52  Dark Templar x2  
  126  8:54  Adept, Pylon  
  126  8:55  Stalker, Adept x2  
  140  8:56  Stalker  
  144  9:17  Stalker x3  
  146  9:22  Protoss Ground Armor Level 1 (Chrono Boost)  
  148  9:30  Immortal (Chrono Boost)  
  152  9:34  Nexus  
  152  9:37  Stalker  
  152  9:38  Stalker, Adept x2  
  156  9:39  Adept x4  
  168  10:01  Pylon  
  168  10:03  Pylon  
  168  10:06  Pylon  
  168  10:13  Warp Prism  
  170  10:15  Stalker x3  
  170  10:16  Adept  
  170  10:17  Adept  
  180  10:22  Adept x4  
  124  10:44  Stalker x7  
  132  10:52  Immortal  
  136  10:57  Stalker x3  
  142  11:06  Templar Archives  
  142  11:10  Dark Templar  
  142  11:11  Dark Templar x2  
  148  11:13  Sentry x2  
  148  11:14  Sentry  
  140  11:31  Stalker x3  
  140  11:32  Adept x2  
  130  11:47  Probe  
  131  11:55  Stalker x5  
  131  11:56  Stalker  
  143  12:01  Dark Templar x2  
  143  12:03  Adept x3  
Show
View Real Time Build Order
Export as new Build Order

MorN Terran 

Build Orders: MMM Bio 

Get SALT Encoding   

  12  0:01  SCV  
  13  0:13  SCV  
  14  0:17  Supply Depot  
  14  0:25  SCV  
  15  0:39  SCV  
  15  0:40  Barracks  
  16  0:44  Refinery  
  16  0:51  SCV  
  17  1:03  SCV  
  18  1:15  SCV  
  19  1:26  Marine  
  19  1:28  Orbital Command  
  20  1:40  Command Center  
  20  1:53  Factory  
  20  1:56  SCV  
  20  2:00  Marine  
  22  2:08  Supply Depot  
  22  2:09  SCV  
  23  2:30  SCV, Marine  
  25  2:42  SCV, Factory Tech Lab  
  25  2:43  Barracks  
  25  2:50  Marine  
  26  2:52  Orbital Command  
  26  2:54  SCV  
  27  3:03  Cyclone  
  30  3:06  SCV  
  30  3:11  Marine  
  32  3:15  Supply Depot  
  32  3:17  Refinery  
  32  3:18  SCV x2  
  34  3:29  Marine  
  34  3:31  SCV  
  36  3:42  Engineering Bay  
  36  3:43  Stimpack, Marine  
  36  3:44  Factory Reactor  
  36  3:45  SCV  
  36  3:46  SCV  
  36  3:47  Marine  
  40  3:51  Supply Depot  
  40  3:57  SCV  
  40  3:58  SCV, Barracks  
  42  4:09  SCV  
  43  4:10  SCV  
  43  4:12  Marauder  
  46  4:17  Terran Infantry Weapons Level 1, Missile Turret  
  46  4:21  SCV, Missile Turret  
  47  4:26  Marine  
  47  4:28  SCV  
  49  4:33  SCV, Marine  
  49  4:37  Refinery  
  51  4:40  SCV  
  51  4:42  Factory Reactor  
  51  4:45  SCV, Starport  
  52  4:52  SCV  
  54  4:58  SCV  
  55  5:00  Marauder, Marine x2  
  55  5:03  Supply Depot, Barracks Tech Lab  
  55  5:04  SCV  
  60  5:10  SCV  
  61  5:16  SCV  
  62  5:21  Supply Depot  
  62  5:25  Command Center, SCV  
  63  5:31  Medivac x2  
  63  5:32  SCV, Factory Reactor  
  63  5:33  Marauder  
  70  5:37  Combat Shields  
  70  5:39  SCV, Supply Depot  
  71  5:44  SCV  
  72  6:03  Marauder x2, Marine x2  
  75  6:07  Medivac x2  
  75  6:08  SCV  
  75  6:10  SCV, Refinery  
  75  6:11  Supply Depot  
  81  6:14  Widow Mine x2  
  85  6:20  SCV  
  85  6:24  Marine x2  
  88  6:28  SCV  
  88  6:32  Concussive Shells  
  89  6:36  Marine x2  
  89  6:37  Orbital Command  
  74  6:55  Marine  
  74  6:56  Marauder, Marine x2  
  79  7:07  Orbital Command  
  79  7:10  Terran Infantry Armor Level 1  
  79  7:11  Barracks x2  
  79  7:12  Supply Depot  
  79  7:13  Supply Depot, Marine x2  
  79  7:14  Supply Depot, Marauder  
  83  7:18  Marine  
  84  7:31  Marine x2  
  84  7:34  SCV  
  84  7:36  Marauder x2  
  84  7:37  Medivac x2, Widow Mine x2  
  91  7:40  SCV  
  91  7:42  Armory  
  100  7:45  SCV  
  100  7:47  Barracks  
  100  7:49  Barracks, Marine  
  100  7:50  Barracks  
  102  7:52  Liberator  
  102  7:57  Marine, Marauder  
  102  7:58  Marauder  
  107  8:00  Barracks Tech Lab  
  107  8:01  Barracks Reactor  
  107  8:02  SCV x2  
  107  8:05  Supply Depot x2, SCV  
  110  8:07  Refinery  
  110  8:12  Marine  
  114  8:15  Marine  
  114  8:18  Marauder  
  114  8:19  Marauder  
  119  8:22  Marine  
  119  8:26  SCV  
  119  8:27  SCV  
  119  8:30  Marine  
  119  8:33  Marine  
  122  8:35  Supply Depot  
  122  8:36  Liberator  
  122  8:39  Engineering Bay, Liberator  
  122  8:40  Marauder x2  
  122  8:41  Marauder  
  128  8:42  Command Center, Barracks Reactor, Barracks Tech Lab x2  
  128  8:46  Supply Depot  
  128  8:48  Marine x3  
  129  8:50  Marine  
  135  9:00  Refinery  
  135  9:01  Marauder  
  136  9:15  Marine  
  136  9:16  Marauder, Marine  
  136  9:19  Liberator  
  129  9:33  Marauder, Marine x4  
  129  9:34  Marauder x3  
  129  9:35  Terran Infantry Weapons Level 2  
  129  9:36  Liberator  
  129  9:37  Terran Infantry Armor Level 2  
  142  9:52  Marine x2  
  146  9:53  Marauder  
  146  9:57  SCV  
  147  10:02  Liberator  
  147  10:12  Marine x2  
  147  10:13  Marauder  
  151  10:14  Marine x2  
  151  10:15  Marauder x2  
  151  10:20  Supply Depot  
  160  10:24  Planetary Fortress  
  160  10:32  Marine x2  
  160  10:34  Marine  
  160  10:35  Marauder  
  127  10:44  Marauder, Marine x2  
  127  10:47  Liberator x2  
  119  10:50  Marine x3  
  119  10:51  Marauder  
  119  10:55  Refinery  
  119  10:56  Marauder, Refinery, Marine x2  
  128  10:59  Supply Depot  
  128  11:02  Marine x3  
  128  11:04  Command Center  
  131  11:06  Marauder  
  131  11:08  Marauder x2, Marine  
  105  11:26  Marine x2  
  105  11:27  Marauder  
  93  11:38  Marine  
  78  11:40  Marine x3  
  78  11:41  Marauder x3, Marine  
  78  11:44  Marine  
  89  11:48  Marauder  
  78  11:58  Marine x5  
Tags
 
Composition
MMM Bio
Matchup
PvT
Replay Pack
MorN pack 2
Add a new tag
Caveats
  • Supply blocks, unpowered buildings, or Contaminate may cause inaccurate times.
  • Supply counts are checked every 10 seconds.